 Dungeon Crawl Stone Soup version 0.26.1-11-gd32895ea62 (webtiles) character file.

Game seed: 18117745509420406565

329 Ankh the Skirmisher (level 6, -9/43 (53) HPs)
             Began as a Gnoll Wanderer on Apr 13, 2021.
             Mangled by an iguana (12 damage)
             ... on level 5 of the Dungeon.
             The game lasted 00:21:51 (2444 turns).

Ankh the Skirmisher (Gnoll Wanderer)                Turns: 2444, Time: 00:21:51

HP:   -9/43 (53)    AC:  4    Str: 15    XL:     6   Next: 50%
MP:   11/11         EV: 12    Int: 12    God:
Gold: 137           SH:  0    Dex: 18    Spells: 11/11 levels left

rFire    . . .     SeeInvis .   a - +2 short sword
rCold    . . .     Faith    .   (no shield)
rNeg     . . .     Spirit   .   h - +0 leather armour
rPois    +         Reflect  .   (no helmet)
rElec    .         Harm     .   (no cloak)
rCorr    .         Rampage  .   m - +0 pair of gloves
Will     .....                  (no boots)
Stlth    ++........             (no amulet)
HPRegen  0.14/turn              n - ring of poison resistance
MPRegen  0.12/turn              q - ring of poison resistance

@: hasted, heavily drained, very quick
A: distributed training, fangs 1, strong nose
a: no special abilities


You were on level 5 of the Dungeon.
You visited 1 branch of the dungeon, and saw 5 of its levels.

You collected 137 gold pieces.

Inventory:

Hand Weapons
 a - a +2 short sword (weapon)
 s - a cursed -3 mace
Missiles
 g - 40 bolts
Armour
 d - a +0 robe
 h - a +0 leather armour (worn)
 m - a +0 pair of gloves (worn)
Jewellery
 n - a ring of poison resistance (left hand)
 q - a ring of poison resistance (right hand)
 u - an uncursed ring of magical power {unknown}
Scrolls
 b - a scroll of fog {unknown}
 c - 4 scrolls of remove curse
 i - 4 scrolls of identify
 k - a scroll of magic mapping {unknown}
 l - a scroll of amnesia {unknown}
 o - 2 scrolls of enchant armour {unknown}
Potions
 e - a potion of curing
 p - a potion of mutation {unknown}
 r - 2 potions of ambrosia {unknown}


   Skills:
 + Level 6.8 Fighting
 + Level 5.0 Short Blades
 + Level 2.0 Long Blades
 + Level 2.0 Axes
 + Level 2.0 Maces & Flails
 + Level 2.0 Polearms
 + Level 2.0 Staves
 + Level 2.0 Slings
 + Level 2.0 Bows
 + Level 2.0 Crossbows
 + Level 3.2 Throwing
 + Level 2.0 Armour
 + Level 2.0 Dodging
 + Level 2.0 Stealth
 + Level 2.0 Shields
 + Level 2.0 Unarmed Combat
 + Level 3.4 Spellcasting
 + Level 1.5 Conjurations
 + Level 1.5 Hexes
 + Level 1.5 Summonings
 + Level 1.5 Necromancy
 + Level 4.1 Translocations
 + Level 1.5 Transmutations
 + Level 1.5 Fire Magic
 + Level 1.5 Ice Magic
 + Level 1.5 Air Magic
 + Level 1.5 Earth Magic
 + Level 1.5 Poison Magic
 + Level 2.2 Invocations
 + Level 3.2 Evocations


You had 11 spell levels left.
You didn't know any spells.
Your spell library was empty.

Dungeon Overview and Level Annotations

Branches:
Dungeon (5/15)
 Temple: D:4-7

Altars:

Shops:
D:4 *


Innate Abilities, Weirdness & Mutations

Your experience applies equally to all skills.
You have very sharp teeth.
Your uncanny sense of smell can sniff out nearby items.


Message History

The jackal bites you. The orc barely misses you. The jackal bites you. x2
* * * LOW HITPOINT WARNING * * *
The jackal misses you.
Okay, then.
You feel better. The jackal completely misses you.
The iguana barely misses you. The jackal barely misses you.
The jackal misses you. None of your equipped items are cursed.
As you read the scroll labelled MANNOV LINOI, it crumbles to dust.
It is a scroll of identify.
s - a cursed -3 mace The jackal closely misses you.
The iguana bites you!
* * * LOW HITPOINT WARNING * * *
The jackal barely misses you.
It was a potion of haste.
You feel yourself speed up. The jackal bites you.
* * * LOW HITPOINT WARNING * * *
The jackal bites you but does no damage.
The iguana bites you!
You die...

#....#
######...##
##.........##
##...........#
#...........##
##...........#
#............#
##...........##
#.......h@..##
#.......hl###
#####^.).o#
#.....##
#.....#
#......#
.........
##........
..........


You could see an iguana, an orc and 2 jackals.

Vanquished Creatures
  A scorpion (D:4)
  An orc priest (D:4)
  3 orc wizards
  An iguana (D:4)
  A worker ant (D:4)
  3 adders
  An ooze (D:3)
  3 worms
  2 dart slugs (D:1)
  2 leopard geckos (D:1)
  10 orcs
  A ball python (D:3)
  5 giant cockroaches
  2 goblins (D:2)
  5 hobgoblins
  A jackal (D:5)
  A quokka (D:2)
  11 bats
  5 frilled lizards
  7 kobolds
  8 rats
74 creatures vanquished.

Notes
Turn   | Place    | Note
-------+----------+-------------------------------------------
     0 | D:1      | Ankh the Gnoll Wanderer began the quest for the Orb.
     0 | D:1      | Ankh set off with the following items: a +2 short sword, a
                  | potion of lignification, a scroll of teleportation, a +0
                  | robe
     0 | D:1      | Reached XP level 1. HP: 23/23 MP: 4/4
   226 | D:1      | Reached XP level 2. HP: 24/29 MP: 5/5
   553 | D:1      | HP: 1/29 [poisoned by a kobold]
   683 | D:1      | Reached XP level 3. HP: 33/35 MP: 7/7
   958 | D:2      | Reached skill level 1 in Invocations
  1147 | D:2      | Reached skill level 1 in Long Blades
  1147 | D:2      | Reached skill level 1 in Axes
  1147 | D:2      | Reached skill level 1 in Maces & Flails
  1147 | D:2      | Reached skill level 1 in Polearms
  1147 | D:2      | Reached skill level 1 in Staves
  1147 | D:2      | Reached skill level 1 in Slings
  1147 | D:2      | Reached skill level 1 in Bows
  1147 | D:2      | Reached skill level 1 in Crossbows
  1147 | D:2      | Reached skill level 1 in Armour
  1147 | D:2      | Reached skill level 1 in Dodging
  1147 | D:2      | Reached skill level 1 in Stealth
  1147 | D:2      | Reached skill level 1 in Shields
  1147 | D:2      | Reached skill level 1 in Unarmed Combat
  1154 | D:2      | Reached XP level 4. HP: 27/41 MP: 8/8
  1617 | D:3      | Reached skill level 1 in Conjurations
  1617 | D:3      | Reached skill level 1 in Hexes
  1617 | D:3      | Reached skill level 1 in Summonings
  1617 | D:3      | Reached skill level 1 in Necromancy
  1617 | D:3      | Reached skill level 1 in Transmutations
  1617 | D:3      | Reached skill level 1 in Fire Magic
  1617 | D:3      | Reached skill level 1 in Ice Magic
  1617 | D:3      | Reached skill level 1 in Air Magic
  1617 | D:3      | Reached skill level 1 in Earth Magic
  1617 | D:3      | Reached skill level 1 in Poison Magic
  1622 | D:3      | Reached XP level 5. HP: 33/47 MP: 9/9
  1932 | D:3      | You fall into a shaft and drop 2 floors!
  1932 | D:5      | Entered Level 5 of the Dungeon
  1932 | D:5      | Noticed an ogre
  1981 | D:4      | Reached XP level 6. HP: 53/53 MP: 10/10
  2022 | D:4      | Found Dekasi's Assorted Antiques.
  2069 | D:4      | Reached skill level 5 in Short Blades
  2092 | D:4      | HP: 2/43 [iguana (13)]
  2444 | D:5      | Mangled by an iguana

Illustrated notes

Levels and vault maps discovered:
D:1:      dpeg_arrival_rhombus, layout_loops_ring, minmay_split_cup_small
D:2:      layout_basic, minmay_box_of_dots
D:3:      layout_basic, uniq_sigmund
D:4:      layout_basic, nicolae_overflow_hidden_temple,
          minmay_temple_entry_drinking_statues, serial_shops, shop, shop,
          nicolae_shop_competitors_out_of_business, shop, st_stairs_2
D:5:      layout_cave_pods

Skill      XL: |  1  2  3  4  5  6 |
---------------+-------------------+-----
Invocations    | 1 2 |  2.2
Long Blades    | 1 2 |  2.0
Axes           | 1 2 |  2.0
Maces & Flails | 1 2 |  2.0
Polearms       | 1 2 |  2.0
Staves         | 1 2 |  2.0
Slings         | 1 2 |  2.0
Bows           | 1 2 |  2.0
Crossbows      | 1 2 |  2.0
Armour         | 1 2 |  2.0
Dodging        | 1 2 |  2.0
Stealth        | 1 2 |  2.0
Shields        | 1 2 |  2.0
Unarmed Combat | 1 2 |  2.0
Spellcasting   | 3 |  3.4
Conjurations   | 1 |  1.5
Hexes          | 1 |  1.5
Summonings     | 1 |  1.5
Necromancy     | 1 |  1.5
Transmutations | 1 |  1.5
Fire Magic     | 1 |  1.5
Ice Magic      | 1 |  1.5
Air Magic      | 1 |  1.5
Earth Magic    | 1 |  1.5
Poison Magic   | 1 |  1.5
Throwing       | 3 |  3.2
Evocations     | 3 |  3.2
Translocations | 4 |  4.1
Short Blades   | 5 |  5.0
Fighting       | |  6.8

Action                   |  1- 3 |  4- 6 || total
-------------------------+-------+-------++-------
Melee: Short sword       |   108 |   180 ||   288
       Bite              |    13 |    18 ||    31
       Punch             |       |     1 ||     1
  Use: Scroll            |     2 |     2 ||     4
       Potion            |     1 |     7 ||     8
 Stab: Sleeping          |     3 |     2 ||     5
Armor: Robe              |     1 |       ||     1
       Leather armour    |    50 |    31 ||    81
       Skin              |       |    43 ||    43
Dodge: Dodged            |    97 |   103 ||   200
